 Dungeon Crawl Stone Soup version 0.27.1-4-g1640c2035a (webtiles) character file.

Game seed: 17357472441599835674

18243 adizb the Blocker (level 12, -17/110 HPs)
             Began as a Minotaur Fighter on Nov 14, 2021.
             Was a Believer of Uskayaw.
             Demolished by a four-headed hydra simulacrum (27 damage)
             ... on level 2 of the Lair of Beasts.
             The game lasted 00:53:59 (9098 turns).

adizb the Blocker (Minotaur Fighter)                Turns: 9098, Time: 00:54:00

Health: -17/110    AC: 11    Str: 21 (23) XL:     12   Next: 26%
Magic:  11/11      EV: 14    Int:  3 (5)  God:    Uskayaw [**....]
Gold:   560        SH: 12    Dex: 10 (13) Spells: 11/11 levels left

rFire    . . .     SeeInvis .     - Unarmed
rCold    . . .     Faith    .   b - +0 kite shield
rNeg     + . .     Spirit   .   I - +3 troll leather armour
rPois    +         Reflect  .   (helmet restricted)
rElec    .         Harm     .   i - +1 cloak
rCorr    .         Rampage  .   (no gloves)
Will     .....                  (no boots)
Stlth    +.........             l - amulet of regeneration
HPRegen  2.28/turn              j - ring of poison resistance
MPRegen  0.12/turn              L - ring of positive energy

@: attractive, hasted, very quick
A: horns 2, retaliatory headbutt
a: Renounce Religion, Stomp, Line Pass


You were on level 2 of the Lair of Beasts.
You worshipped Uskayaw.
Uskayaw was noncommittal.
You visited 3 branches of the dungeon, and saw 13 of its levels.
You also visited: Ossuary.

You collected 560 gold pieces.

Inventory:

Hand Weapons
 u - the +7 great sword "Farenn" {drain, rElec rPois rF+ rCorr Int-2}
   (You found it on level 7 of the Dungeon)

   A truly terrible weapon, it drains the life of any living foe it strikes.
   Int:       It affects your intelligence (-2).
   rF:        It protects you from fire.
   rElec:     It insulates you from electricity.
   rPois:     It protects you from poison.
   rCorr:     It protects you from acid and corrosion.
Missiles
 v - 2 curare-tipped darts
 w - a throwing net
 F - 37 poisoned darts (quivered)
Armour
 b - a +0 kite shield (worn)
 i - a +1 cloak (worn)
 C - a +2 leather armour of fire resistance
 D - a +1 chain mail of positive energy
 G - a +1 scale mail of poison resistance
 I - a +3 troll leather armour (worn)
 J - +0 acid dragon scales
Jewellery
 j - a ring of poison resistance (left hand)
 l - an amulet of regeneration (around neck)
 L - a ring of positive energy (right hand)
Wands
 f - a wand of flame (16)
 h - a wand of paralysis (10)
 B - a wand of digging (6)
Scrolls
 c - a scroll of torment {unknown}
 k - 3 scrolls of enchant weapon
 n - a scroll of magic mapping {unknown}
 q - 2 scrolls of fear
 s - a scroll of silence
 t - 6 scrolls of teleportation
 y - a scroll of holy word
 z - a scroll of amnesia
 M - a scroll of acquirement {unknown}
Potions
 e - a potion of ambrosia {unknown}
 g - 2 potions of heal wounds {unknown}
 m - 3 potions of haste
 o - a potion of magic {unknown}
 p - 2 potions of lignification {unknown}
 r - 2 potions of cancellation {unknown}
 x - 2 potions of brilliance {unknown}
 A - 3 potions of resistance
 E - a potion of attraction
 H - a potion of flight {unknown}


   Skills:
 + Level 11.4 Fighting
 + Level 11.3 Armour
 + Level 10.0 Dodging
 + Level 11.4 Shields
 + Level 10.3 Unarmed Combat


You had 11 spell levels left.
You didn't know any spells.
Your spell library contained the following spells:

 Spells                   Type           Power      Damage    Failure   Level
 Animate Skeleton         Necr           0%         N/A       73%         1
 Apportation              Tloc           0%         N/A       73%         1
 Corona                   Hex            0%         N/A       73%         1
 Sting                    Tmut/Pois      0%         1d3       73%         1
 Summon Small Mammal      Summ           0%         N/A       73%         1
 Poisonous Vapours        Pois/Air       0%         N/A       86%         2
 Slow                     Hex            0%         N/A       86%         2
 Confusing Touch          Hex            0%         N/A       97%         3
 Tukima's Dance           Hex            0%         N/A       97%         3
 Vampiric Draining        Necr           0%         2d6       97%         3
 Olgreb's Toxic Radiance  Pois           0%         N/A       100%        4
 Passage of Golubria      Tloc           N/A        N/A       100%        4
 Yara's Violent Unravell  Hex/Tmut       0%         3d3       100%        5


Dungeon Overview and Level Annotations

Branches:
Dungeon (10/15)            Temple (1/1) D:4            Lair (2/6) D:10
    Orc (0/2) D:10        Ossuary (visited)
  Swamp: Lair:2-4    Shoals: Lair:2-4     Snake: Lair:2-4    Spider: Lair:2-4

Altars:
Ashenzari
Cheibriados
Dithmenos
Elyvilon
Fedhas
Gozag
Hepliaklqana
Kikubaaqudgha
Makhleb
Nemelex Xobeh
Okawaru
Qazlal
Ru
Sif Muna
Trog
Uskayaw
Vehumet
Wu Jian
Xom
Yredelemnul
Zin
The Shining One

Shops:
D:5 ([([

Annotations:
Lair:2 1 transporter


Innate Abilities, Weirdness & Mutations

You have a pair of horns on your head.
You reflexively headbutt those who attack you in melee.


Message History

You enter the transporter and appear at another place.
You punch the yak simulacrum! You headbutt the yak simulacrum!
The yak simulacrum vaporises!
You hit the four-headed hydra simulacrum.
You headbutt the four-headed hydra simulacrum!
The four-headed hydra simulacrum is heavily damaged.
The water moccasin simulacrum completely misses you.
You block the four-headed hydra simulacrum's attack.
The four-headed hydra simulacrum barely misses you.
You block the four-headed hydra simulacrum's attack.
The four-headed hydra simulacrum misses you.
You punch the four-headed hydra simulacrum!
The four-headed hydra simulacrum is severely damaged.
The four-headed hydra simulacrum is pulled toward you!
You punch the four-headed hydra simulacrum!
The four-headed hydra simulacrum is almost destroyed.
The four-headed hydra simulacrum bites you.
The four-headed hydra simulacrum freezes you!!!
You block the four-headed hydra simulacrum's attack. x2
The four-headed hydra simulacrum closely misses you.
You can now pass through a line of other dancers.
You pummel the four-headed hydra simulacrum!!
The four-headed hydra simulacrum vaporises!
The four-headed hydra simulacrum barely misses you.
The four-headed hydra simulacrum bites you.
The four-headed hydra simulacrum freezes you!!
The four-headed hydra simulacrum closely misses you.
The four-headed hydra simulacrum misses you.
You punch the water moccasin simulacrum!
The water moccasin simulacrum vaporises!
You punch the four-headed hydra simulacrum!
You headbutt the four-headed hydra simulacrum!
The four-headed hydra simulacrum is severely damaged.
The four-headed hydra simulacrum bites you.
The four-headed hydra simulacrum freezes you!!
* * * LOW HITPOINT WARNING * * *
The four-headed hydra simulacrum bites you.
* * * LOW HITPOINT WARNING * * *
The four-headed hydra simulacrum freezes you!!
You die...

....##.##....## #P..#.#..P..####†
....###.......###....######## ##.
...P##.....#.##.....## ###.##P.
....##.......##....#######.......
...P#...P#.#########○○○°°#.......
....##...##.#°°°○°°#°°○○☼#.......
#...##....###○°°°°○#°°°○°#.##....
...####.....#.☼#.#.○.°☼[)#...#..#
...##....!.©#○°○@..°○○○)©#©..#...
....##......#.°#Z#.○°☼○?(#......#
...###......#○°°°○○#°○°°°#.P.....
...###...#..#○○°○°○#°☼○°°#.......
....##......######## ○○○○#.......
...##.....##...P...#######.......
...##...#.##.........###.........
....#....##....##.P...##.........
...##....##.....##...###.........


You could see a four-headed hydra simulacrum.

Vanquished Creatures
  A hydra (Lair:2)
  2 two-headed ogres (D:9)
  An orc knight (D:10)
  A centaur zombie (D:6)
  2 black mambas (Lair:1)
  Maurice (D:10)
  10 cane toads
  5 komodo dragons
  2 trolls
  A polar bear (Lair:2)
  3 blink frogs (Lair:2)
  2 hornets
  3 wyverns
  The ghost of AltoTato the Poker, an amateur HOBe of Trog (D:3)
  17 yaks
  A basilisk (Lair:1)
  A steam dragon (D:10)
  Menkaure (Ossuary)
  An acid dragon (D:10)
  A hydra simulacrum (Lair:2)
  6 water moccasins
  An ogre (D:4)
  2 sky beasts
  2 black bears
  3 orc warriors
  A necrophage (D:5)
  4 centaurs
  16 wolves
  A phantom (D:5)
  4 kobold brigands
  7 bullfrogs
  A wyvern zombie (D:6)
  A gnoll sergeant (D:9)
  A scorpion (D:5)
  A water moccasin zombie (D:5)
  4 killer bees (D:10)
  A howler monkey (D:10)
  5 electric eels
  2 bullfrog zombies
  4 hounds
  A water moccasin simulacrum (Lair:2)
  An orc priest (D:10)
  A gnoll shaman (D:7)
  A jelly (D:8)
  A centaur skeleton (D:7)
  3 iguanas
  An orc wizard (D:8)
  A yak simulacrum (Lair:2)
  2 killer bee zombies
  A bullfrog simulacrum (Lair:2)
  A hound skeleton (D:4)
  3 mummies (Ossuary)
  13 gnolls
  5 adders
  A white imp (D:8)
  2 ufetubi (D:6)
  3 worms
  3 dart slugs
  20 orcs
  5 ball pythons
  9 endoplasms
  7 giant cockroaches
  2 gnoll zombies (Ossuary)
  3 hobgoblins
  2 jackals (D:2)
  2 quokkas
  5 bats
  2 frilled lizards (D:1)
  5 gnoll skeletons (Ossuary)
  5 goblins
  6 goblin skeletons (Ossuary)
  3 goblin zombies
  3 hobgoblin skeletons (Ossuary)
  6 hobgoblin zombies (Ossuary)
  23 kobolds
  5 kobold skeletons (Ossuary)
  4 kobold zombies (Ossuary)
  3 orc skeletons (Ossuary)
  4 orc zombies (Ossuary)
  A quokka zombie (D:7)
  2 rats (D:1)
  3 rat skeletons (Ossuary)
  7 rat zombies (Ossuary)
305 creatures vanquished.

Vanquished Creatures (collateral kills)
  An acid dragon (D:10)
1 creature vanquished.

Vanquished Creatures (others)
  An orc warrior (D:10)
  3 orc wizards (D:10)
  3 orcs (D:10)
  22 fungi
  17 plants
46 creatures vanquished.

Grand Total: 352 creatures vanquished

Notes
Turn   | Place    | Note
-------+----------+-------------------------------------------
     0 | D:1      | adizb the Minotaur Fighter began the quest for the Orb.
     0 | D:1      | Reached XP level 1. HP: 19/19 MP: 0/0
   151 | D:1      | Found a faded altar of an unknown god.
   152 | D:1      | Noticed a great orb of eyes
   162 | D:1      | Noticed a great orb of eyes
   166 | D:1      | Noticed an eye of devastation
   167 | D:1      | Noticed a shining eye
   212 | D:1      | Reached XP level 2. HP: 25/27 MP: 1/1
   659 | D:1      | Reached skill level 1 in Dodging
   817 | D:1      | Reached XP level 3. HP: 20/33 MP: 2/2
  1767 | D:3      | Reached XP level 4. HP: 40/40 MP: 3/3
  1890 | D:3      | Found a large runed translucent door.
  1890 | D:3      | Found a large runed translucent door.
  1892 | D:3      | Noticed AltoTato's ghost (amateur HOBe)
  2302 | D:3      | Killed AltoTato's ghost
  2303 | D:3      | Reached XP level 5. HP: 37/47 MP: 0/4
  2303 | D:3      | Reached XP level 6. HP: 43/55 MP: 0/5
  2365 | D:4      | Found a staircase to the Ecumenical Temple.
  2375 | Temple   | Entered the Ecumenical Temple
  2481 | Temple   | Became a worshipper of Uskayaw the Reveller
  2731 | D:4      | Reached * piety under Uskayaw
  2872 | D:4      | Reached ** piety under Uskayaw
  2911 | D:5      | Entered Level 5 of the Dungeon
  2928 | D:4      | Reached skill level 5 in Fighting
  2928 | D:4      | Reached skill level 5 in Armour
  2928 | D:4      | Reached skill level 5 in Shields
  2969 | D:5      | Found Getimolo's Weapon Shop.
  2991 | D:5      | Found Dusedamu's Armour Boutique.
  3153 | D:5      | Found Nuyxkom's Antique Weapon Shop.
  3166 | D:5      | Reached XP level 7. HP: 60/61 MP: 6/6
  3243 | D:5      | Reached *** piety under Uskayaw
  3249 | D:5      | Reached **** piety under Uskayaw
  3514 | D:5      | Found Aqatil's Armour Shoppe.
  3853 | D:6      | Reached skill level 5 in Unarmed Combat
  3853 | D:6      | Reached XP level 8. HP: 68/70 MP: 7/7
  3958 | D:6      | Found a hazy altar of Hepliaklqana.
  3974 | D:6      | Reached skill level 5 in Dodging
  4149 | D:7      | Identified the +7 great sword "Farenn" {drain, rElec rPois
                  | rF+ rCorr Int-2}
  4319 | D:7      | Found a sand-covered staircase.
  4326 | Ossuary  | Entered an ossuary
  4611 | Ossuary  | Noticed Menkaure
  4620 | Ossuary  | Killed Menkaure
  4949 | D:7      | Reached XP level 9. HP: 57/79 MP: 8/8
  5099 | D:7      | Found an ancient bone altar of Kikubaaqudgha.
  5101 | D:7      | Found a glowing silver altar of Zin.
  5685 | D:8      | Found a broken altar of Ashenzari.
  5686 | D:8      | Found a bloodstained altar of Trog.
  5984 | D:9      | Noticed a two-headed ogre
  5993 | D:9      | Killed a two-headed ogre
  6122 | D:9      | Reached XP level 10. HP: 90/90 MP: 9/9
  6146 | D:9      | Reached ***** piety under Uskayaw
  6242 | D:9      | Found a radiant altar of Vehumet.
  6674 | D:10     | Entered Level 10 of the Dungeon
  6707 | D:10     | Noticed a two-headed ogre
  6773 | D:9      | Killed a two-headed ogre
  7096 | D:10     | Found a staircase to the Lair.
  7157 | D:10     | Noticed Maurice
  7171 | D:10     | Killed Maurice
  7172 | D:10     | Reached XP level 11. HP: 95/99 MP: 10/10
  7388 | D:10     | Noticed an orc knight
  7412 | D:10     | Killed an orc knight
  7413 | D:10     | Reached skill level 10 in Fighting
  7413 | D:10     | Reached skill level 10 in Shields
  7415 | D:10     | Found a staircase to the Orcish Mines.
  7462 | D:10     | Reached skill level 10 in Armour
  7613 | Lair:1   | Entered Level 1 of the Lair of Beasts
  7818 | Lair:1   | Reached ****** piety under Uskayaw
  8318 | Lair:2   | Noticed a four-headed hydra
  8334 | Lair:2   | Killed a four-headed hydra
  8335 | Lair:2   | Reached skill level 10 in Unarmed Combat
  8335 | Lair:2   | Reached XP level 12. HP: 75/110 MP: 11/11
  8339 | Lair:2   | Found a transporter.
  8754 | Lair:2   | Found a transporter.
  8792 | Lair:2   | HP: 5/110 [four-headed hydra simulacrum (34)]
  8822 | Lair:2   | Reached skill level 10 in Dodging
  9098 | Lair:2   | Demolished by a four-headed hydra simulacrum

Illustrated notes

Levels and vault maps discovered:
D:1:      minmay_arrival_hallway, layout_loops_corners,
          hellmonk_ecumenical_altar_watching_god, kennysheep_doodads
D:2:      layout_basic
D:3:      layout_basic, ebering_ghost_disaster_area, serial_bayou,
          serial_bayou_pond_c, serial_bayou_pond_c, serial_bayou_crossing,
          serial_bayou_pond_c
D:4:      layout_loops_ring, minmay_temple_entry_tees
D:5:      layout_basic, serial_shops, shop_fountains, nicolae_shop_stone, shop,
          shop_fountains, hangedman_decor_diamond_cutter, st_stairs_2,
          hangedman_abyss_or_decor_stagger, nrook_uturn
D:6:      layout_cave_pods, mainiacjoe_overflow_small_starburst
D:7:      layout_cave_pods, nicolae_overflow_hidden_temple, enter_ossuary_4
D:8:      layout_rooms, grunt_temple_overflow_open, item_on_display_a
D:9:      layout_stronghold, mainiacjoe_overflow_chevrons
D:10:     layout_long_grid, due_lair_maze_entry_diamond, erik_orc_2,
          uniq_maurice
Temple:   regret_index_temple_sphere_string
Lair:1:   layout_misc_corridors
Lair:2:   gammafunk_cloud_chamber, layout_concentric_octagons,
          lemuel_old_faithful, lemuel_fruit_tree, serial_bayou_shore_b,
          grunt_megastairs_4, serial_bayou_shore_a

Skill      XL: |  1  2  3  4  5  6  7  8  9 10 11 12 |
---------------+-------------------------------------+-----
Dodging        | 1 2 3 4 5 6 8 9 10 | 10.0
Fighting       | 4 5 6 7 8 9 11 | 11.4
Shields        | 4 5 6 7 8 9 11 | 11.4
Armour         | 4 5 6 7 8 9 11 | 11.3
Unarmed Combat | 3 4 5 6 7 8 10 | 10.3

Action                   |  1- 3 |  4- 6 |  7- 9 | 10-12 || total
-------------------------+-------+-------+-------+-------++-------
Melee: Unarmed           |   138 |    97 |   405 |   533 ||  1173
       Headbutt          |    21 |    24 |   101 |   122 ||   268
Throw: Throwing net      |       |     2 |       |       ||     2
       Dart              |       |       |     7 |       ||     7
Invok: Stomp             |       |       |     4 |     1 ||     5
       Line Pass         |       |       |     3 |       ||     3
  Use: Scroll            |     3 |     1 |     5 |     9 ||    18
       Potion            |       |     1 |       |     8 ||     9
 Stab: Held in net/web   |       |     1 |       |       ||     1
       Paralysed         |       |       |    11 |    28 ||    39
       Confused          |       |       |     1 |       ||     1
       Invisible         |       |       |       |     1 ||     1
Armor: Scale mail        |    60 |    26 |       |       ||    86
       Chain mail        |       |     1 |   161 |    13 ||   175
       Troll leather arm |       |       |       |   102 ||   102
Dodge: Dodged            |    42 |    35 |   122 |   265 ||   464
Block: Kite shield       |    64 |    42 |   217 |   341 ||   664
